[Event "*** Titled Tuesday Blitz"]
[Site "Chess.com"]
[Date "2019.01.01"]
[Round "9"]
[White "Gr3egor"]
[Black "nochewycandy"]
[Result "1-0"]
[WhiteElo "2450"]
[BlackElo "2258"]
[TimeControl "180+2"]
[EndTime "15:10:59 PST"]
[Termination "Gr3egor won by checkmate"]

1. e4 g6 2. d4 Bg7 3. c4 d6 4.
Nc3 Nf6 5. f3 O-O 6. Nge2 c5 7.
Be3 Nc6 8. d5 Ne5 9. Ng3 e6 10.
Be2 exd5 11. cxd5 h5 12. O-O h4 13. Nh1 a6 14. a4 h3 15. g3 Rb8 16. Nf2 Re8 17.
Qd2 b5 18. axb5 axb5 19. f4 b4 20. fxe5 bxc3 21. bxc3 Rxe5 22. Bf3 Re8 23. Ra7 Qb6 24. Rfa1 Nd7 25. Bh6 Qb2 26. Qxb2 Rxb2 27. Bxg7 Kxg7 28.
Rc7 Ne5 29. Bd1 Bd7 30. Raa7 Rb1 31. Rxd7 Nxd7 32. Rxd7 Rb6 33. Kf1 Ra8 34. Nxh3 Kf6 35. Nf2 Ra1 36. Kg2 Rb2 37. Kf3 Ra3 38. Ng4+ Kg7 39.
Rxd6 Rxc3+ 40. Kf4 Rb4 41. Rd7 Rc1 42. Bf3 Kg8 43.
Nh6+ Kg7 44. Nxf7 c4 45. Ne5+ Kg8 46. d6 c3 47. Rd8+ Kg7 48. d7 Rd4 49. Rc8 c2 50.
d8=Q Rxd8 51. Rxd8 Rf1 52. Rc8 c1=Q+ 53. Rxc1 Rxc1 54. h4 Rc5 55. Ng4 Rc4 56. Ne5 Rc5 57.
g4 Rb5 58. h5 gxh5 59. gxh5 Kh6 60. Nf7+ Kg7 61. Ng5 Kh6 62. Ne6 Ra5 63. Bg4 Rb5 64.
e5 Rb4+ 65. Kf5 Rc4 66. Nf4 Rc5 67. Kf6 Rc1 68. e6 Rf1 69. Ke5 Re1+ 70. Be2 Kg7 71.
Kf5 Ra1 72. Bc4 Ra5+ 73. Bd5 Kf8 74. Kf6 Ra1 75. e7+ Ke8 76. Bc6# 1-0

[Event "*** Titled Tuesday Blitz"]
[Site "Chess.com"]
[Date "2019.01.01"]
[Round "9"]
[White "Viaje"]
[Black "Saitama_Hero"]
[Result "1-0"]
[WhiteElo "2345"]
[BlackElo "2361"]
[TimeControl "180+2"]
[EndTime "15:11:07 PST"]
[Termination "Viaje won by resignation"]

1. d4 Nf6 2. c4 g6 3. Nc3 Bg7 4. e4 d6 5. Be2 O-O 6. Nf3 e5 7. O-O Nc6 8. d5 Ne7 9. Ne1 Nd7 10. f3 f5 11. g4 f4 12. h4 c6 13. Nd3 a6 14.
Kg2 b5 15. cxb5 cxd5 16. Rh1 d4 17. Qb3+ Kh8 18. Nd5 Nxd5 19. Qxd5 Nb6 20. Qb3 axb5 21. h5 g5 22. h6 Bf6 23. Qxb5 Ba6 24. Qb3 d5 25. Qd1 dxe4 26. fxe4 Rc8 27. b3 Qd7 28. a4 Qb7 29. Bf3 Rc3 30. Nb4 Nd7 31. Nxa6 Qxa6 32. Ba3 Rfc8 33. Rc1 Nb6 34. Rxc3 Rxc3 35. Bb4 Rc8 36.
Qd2 Qb7 37. Rc1 Rd8 38. Rc5 d3 39. Rb5 Qc6 40. Bc3 Nd7 41. Rd5 Nc5 42. Rxd8+ Bxd8 43. Bxe5+ Bf6 44. Bxf6+ Qxf6 45. b4 Ne6 46. Qxd3 Qxh6 47.
Qc3+ Kg8 48. e5 Qh4 49. Qc8+ Nf8 50. Bd5+ Kg7 51. Qf5 Qg3+ 52. Kf1 Ng6 53. Qf7+ Kh6 54. Qf5 Qh3+ 55. Bg2 Qe3 56. Qe4 Qc1+ 57. Kf2 Qd2+ 58. Kf1 Nh4 59. e6 Qd1+ 60. Kf2 Qd2+ 61. Kg1 Qd1+ 62. Kh2 Qxg4 63. e7 Qg3+ 64. Kg1 f3 65.
Qe6+ Ng6 66. Qh3+ Qxh3 67. Bxh3 Nxe7 68. b5 Nd5 69. a5 Nc7 70. b6 Na6 71. Bf1 Nb8 72.
a6 Nd7 1-0

[Event "*** Titled Tuesday Blitz"]
[Site "Chess.com"]
[Date "2019.01.01"]
[Round "9"]
[White "PlotnikovPavel"]
[Black "NTBT_DHS"]
[Result "0-1"]
[WhiteElo "2391"]
[BlackElo "2694"]
[TimeControl "180+2"]
[EndTime "15:11:12 PST"]
[Termination "NTBT_DHS won by checkmate"]

1. d4 Nf6 2. Nf3 g6 3. c4 Bg7 4. Nc3 O-O 5. e4 d6 6. Be2 e5 7. dxe5 dxe5 8. Qxd8 Rxd8 9. Bg5 Be6 10. Nd5 Bxd5 11.
cxd5 c6 12. Bc4 b5 13. Bb3 a5 14. a4 bxa4 15. Rxa4 Nbd7 16. dxc6 Nc5 17. Ra3 Ncxe4 18. Be3 Nd5 19. Bxd5 Rxd5 20. Ke2 Rc8 21. Rc1 Rb5 22. Rc2 f5 23. g3 Nf6 24. Bd2 e4 25. Nd4 Rd5 26. Ne6 Rd6 27. Nxg7 Kxg7 28. Rxa5 Rdxc6 29. Ra7+ Kg8 30. Rxc6 Rxc6 31. b4 Nd5 32. Rd7 Nb6 33. Rb7 Nd5 34. b5 Rc2 35. Kd1 Ra2 36. Rd7 Nb6 37. Rd6 Nc4 38. Rd4 Nb2+ 39. Ke2 Nd3 40. Ke3 Rb2 41. Rd5 Rb3 42. Kd4 Nxf2 43. Kc4 Rb2 44.
Bc3 Rb1 45. Bd4 Ng4 46. b6 e3 47. Rb5 Rxb5 48. Kxb5 e2 49. Bc3 Ne5 50. b7 Nd7 51. Kc6 Nb8+ 52. Kc7 Na6+ 53. Kb6 Nb8 54. Kc5 Kf7 55.
Kd4 Ke6 56. Ke3 Kd7 57. Kxe2 Kc6 58. Be5 Kxb7 59. Bxb8 Kxb8 60. Kf3 Kc7 61. Kf4 Kd6 62. Kg5 Ke6 63. Kh6 Kf6 64. h4 Ke6 65. Kxh7 Kf7 66.
Kh6 Kf6 67. h5 g5 68. Kh7 f4 69. gxf4 g4 70. h6 g3 71. Kh8 g2 72. f5 g1=Q 73. h7 Qg7# 0-1

[Event "*** Titled Tuesday Blitz"]
[Site "Chess.com"]
[Date "2019.01.01"]
[Round "9"]
[White "iLuusions"]
[Black "Slovak_fighter2000"]
[Result "1-0"]
[WhiteElo "2572"]
[BlackElo "2449"]
[TimeControl "180+2"]
[EndTime "15:11:29 PST"]
[Termination "iLuusions won by checkmate"]

1. d4 Nf6 2. c4 e6 3. Nf3 d5 4. g3 Bb4+ 5. Bd2 Be7 6. Bg2 O-O 7. O-O c6 8. Qc2 Nbd7 9. Bf4 b6 10. Nc3 Bb7 11.
b3 Rc8 12. e4 dxe4 13. Nxe4 c5 14. Nxf6+ Nxf6 15. Rad1 cxd4 16. Rxd4 Qe8 17. Rfd1 Bc5 18. R4d2 Ne4 19. Re2 Nf6 20. Be5 Qe7 21. Ng5 Rfd8 22.
Rxd8+ Rxd8 23. Bxf6 Qxf6 24. Qxh7+ Kf8 25. Nxe6+ fxe6 26. Bxb7 Kf7 27. Kg2 Qf5 28. Qxf5+ exf5 29. Bd5+ Kf8 30.
h4 Re8 31. Rd2 g6 32. Bf3 Kg7 33. h5 gxh5 34. Bxh5 Re7 35. Rd5 Kf6 36. Bd1 Re5 37. Rd7 Re7 38. Rd8 Kg6 39. Kf3 Kf6 40. Bc2 Rf7 41. Rd5 Ke6 42. Rd8 Bd6 43. Bd3 Ke5 44. Re8+ Kd4 45. Rd8 Ke5 46. Bb1 Rf6 47. Re8+ Kd4 48. Rd8 Ke5 49. Re8+ Kd4 50. Rd8 Ke5 51. Rd7 Kd4 52. Rxa7 Bc5 53. Rd7+ Kc3 54. Rd5 f4 55. g4 Kb2 56. g5 Rf8 57. Bd3 Kxa2 58. g6 Kxb3 59.
g7 Rg8 60. Rd7 Bd4 61. Rxd4 Rxg7 62. Rxf4 Kc3 63. Be2 Re7 64. Rf6 Rb7 65. Kg2 Kb4 66. f4 Kc5 67. Kf3 Kd4 68. Rd6+ Kc5 69. Rd5+ Kb4 70. f5 Kc3 71. Rd3+ Kc2 72. Rd6 b5 73. cxb5 Kc3 74. f6 Kb4 75. Re6 Rf7 76. Kf4 Kc5 77. Kf5 Kb4 78. b6 Rf8 79. Re7 Rb8 80. b7 Ka5 81.
Bf3 Kb6 82. f7 Ka7 83. Kf6 Rf8 84. Kg7 Rxf7+ 85. Kxf7 Kb8 86. Re8+ Ka7 87. b8=Q+ Ka6 88. Qb1 Ka7 89. Ra8# 1-0

[Event "*** Titled Tuesday Blitz"]
[Site "Chess.com"]
[Date "2019.01.01"]
[Round "9"]
[White "pastouche06"]
[Black "Shivagami"]
[Result "1-0"]
[WhiteElo "2452"]
[BlackElo "2135"]
[TimeControl "180+2"]
[EndTime "15:11:37 PST"]
[Termination "pastouche06 won by resignation"]

1. d4 d5 2. c4 c6 3. Nf3 Nf6 4. e3 Bf5 5. Nc3 a6 6. Be2 h6 7. Bd3 Bxd3 8. Qxd3 e6 9. O-O Nbd7 10. Bd2 Bd6 11. Rab1 O-O 12. b4 Qe7 13. e4 dxe4 14.
Nxe4 Nxe4 15. Qxe4 Nf6 16. Qe2 Rfd8 17. Bc3 b5 18. Ne5 Qb7 19. c5 Bf8 20. f4 Nd5 21.
Bd2 Rac8 22. Rf3 Qe7 23. a3 Qf6 24. Rd1 Ne7 25. Bc3 Nf5 26. g4 Ne7 27. Qf2 Nd5 28. Bd2 Ne7 29. h4 g6 30. Bc1 Bg7 31. Kg2 Nd5 32. Rh1 Qe7 33. h5 Nf6 34. hxg6 fxg6 35. Nxg6 Qd7 36. Ne5 Qxd4 37. Qxd4 Rxd4 38. g5 hxg5 39.
fxg5 Nd5 40. Ng6 Rg4+ 41. Kf1 Rd4 42. Ke2 Rd8 43. Kf2 e5 44. Rfh3 Kf7 45. Nh4 e4 46. Rf1 Kg8 47. Ng6 Rc4 48. Kg1 Bd4+ 49. Kh1 Kg7 50.
Nf4 Nxf4 51. Bxf4 Rc2 52. Bd6 e3 53. g6 Rh8 54. Rxh8 Kxh8 55. Bf8 e2 56. g7+ Kg8 57. Re1 Rd2 58. Kg2 Bxg7 59. Bxg7 Kxg7 60. Kf2 Kf6 61. Rxe2 Rxe2+ 62. Kxe2 Ke6 63. Kd2 Kf5 64. Kd3 Ke5 65. Ke3 Kd5 66. Kd3 a5 67. bxa5 Kxc5 68. Kc3 b4+ 69. axb4+ Kb5 70. Kd4 c5+ 71. bxc5 Kxa5 72. Kd5 Ka6 73. Kc6 Ka7 74. Kd7 Kb7 75. c6+ 1-0

[Event "*** Titled Tuesday Blitz"]
[Site "Chess.com"]
[Date "2019.01.01"]
[Round "9"]
[White "Bigfish1995"]
[Black "Peng_Li-Min"]
[Result "0-1"]
[WhiteElo "2897"]
[BlackElo "2705"]
[TimeControl "180+2"]
[EndTime "15:12:37 PST"]
[Termination "Peng_Li-Min won by resignation"]

1. d4 Nf6 2. Nf3 g6 3. c4 Bg7 4.
Nc3 d5 5. e3 O-O 6. Qb3 dxc4 7.
Bxc4 c5 8. dxc5 Nbd7 9. Qa3 Qc7 10. b4 a5 11. Nb5 Qb8 12. Bb2 axb4 13. Qxb4 Ne4 14. Bxg7 Kxg7 15. Bxf7 Ndxc5 16. Bc4 b6 17. Qb2+ Rf6 18. O-O Bb7 19. Nfd4 Nd6 20. Nxd6 Qxd6 21. f4 Ba6 22. Bxa6 Rxa6 23. Rad1 Qc7 24. g4 Kg8 25.
Nb5 Qc8 26. g5 Rf5 27. Rd4 Qe6 28. e4 Rf8 29. Nc7 Qxa2 30. Qxa2+ Rxa2 31. Nd5 e5 32. fxe5 Rxf1+ 33. Kxf1 Kf7 34. Nxb6 Ke6 35. Nc4 Rxh2 36. Rd6+ Ke7 37. Ne3 Nxe4 38. Nd5+ Kf8 39. Rd8+ Kf7 40. Kg1 Rh5 41. e6+ Kxe6 42. Nf4+ Ke7 43. Rd4 Rxg5+ 44. Kh2 Nf6 45. Ra4 Rg4 46. Kh3 h5 47. Ra7+ Kd6 48.
Ra6+ Ke5 49. Nd3+ Kf5 50. Ra5+ Ke6 51. Ra6+ Kf7 52. Ne5+ Kg7 53. Nxg4 Nxg4 54. Kh4 Kh6 55. Re6 Nf2 56. Kg3 Ng4 57. Kf4 Nh2 58. Rd6 Ng4 59. Rc6 Nh2 60. Rc2 Ng4 61. Re2 Nf6 62. Rd2 Ng4 63. Rg2 Nf6 64. Ke5 Ng4+ 65. Kf4 Nf6 66.
Re2 Ng4 67. Re6 Nh2 68. Ra6 Ng4 69. Rb6 Nh2 70. Ke5 Ng4+ 71. Ke6 h4 72. Rb3 Kh5 73. Kd5 Nf2 74. Rf3 Nh1 75. Ke4 Kg4 76. Rf4+ Kg3 77. Rf6 g5 78. Kf5 g4 79. Ra6 Nf2 80.
Ra3+ Kg2 81. Kf4 g3 82. Rc3 Kh2 83. Rc2 h3 84. Kf3 g2 85. Rxf2 Kh1 86. Re2 g1=Q 0-1

[Event "*** Titled Tuesday Blitz"]
[Site "Chess.com"]
[Date "2019.01.01"]
[Round "9"]
[White "Anahita_Gholami"]
[Black "bugsbunny444"]
[Result "1-0"]
[WhiteElo "2699"]
[BlackElo "2535"]
[TimeControl "180+2"]
[EndTime "15:12:57 PST"]
[Termination "Anahita_Gholami won by resignation"]

1. d4 e6 2. c4 b6 3. Nc3 Bb7 4. e4 Bb4 5. Qc2 Qh4 6. Bd3 f5 7. Nf3 Bxc3+ 8. Qxc3 Qg4 9. O-O fxe4 10. Ne5 Qf5 11. Bc2 d6 12. Ba4+ c6 13. Qg3 dxe5 14. Qxg7 Nd7 15. Qxh8 O-O-O 16. dxe5 Qg6 17. Bg5 Ne7 18.
Qxd8+ Kxd8 19. Bh4 Nxe5 20. Rad1+ Ke8 21. Bg3 Nd3 22.
Bc2 Nf5 23. Rd2 Nxg3 24. fxg3 c5 25. Re2 Ke7 26. b3 h5 27. Kh1 Qg4 28. Re3 Qg5 29. Re2 Bc6 30. Kg1 Qg7 31. Kh1 Kd6 32. Rd1 Qc3 33. Bb1 Ke7 34. h3 Qd4 35. Kh2 Qd6 36.
Re3 h4 37. Bxd3 hxg3+ 38. Rxg3 exd3 39. Rxd3 Qf4 40. Re3 Be4 41. Kg1 Bf5 42. Rgf3 Qd4 43. Kh2 Kd6 44. g4 Bb1 45. Kg3 e5 46. Rf6+ Ke7 47.
Ref3 e4 48. Rf7+ Ke6 49. Rf1 Qe3+ 50. Kh4 Qh6+ 51. Kg3 Bd3 52. R1f4 Qh8 53. Rxa7 Qd4 54. Raf7 Qe5 55. Rf8 Ke7 56. Rf7+ Ke6 57. Rf8 Ke7 58.
Kh4 Qg7 59. Rb8 Kd6 60. Rxb6+ Ke5 61. Rf5+ Kd4 62. Rd5+ Kc3 63. Re6 e3 64. Rde5 e2 65.
g5 Kd2 66. Kg4 Qf8 67. g6 Qf2 68. Kg5 Qg3+ 69. Kh6 Qxh3+ 70. Kg7 Qg2 71. Kf8 Qf3+ 72. Kg8 Qa8+ 73. Re8 Qg2 74. g7 Qg6 75. R8e7 Qh7+ 76.
Kf8 Qh6 77. Ke8 Qc6+ 78. Kd8 Qd6+ 79. Ke8 Bg6+ 80. Kf8 Qf6+ 81. Kg8 Bd3 82. Kh8 Qh6+ 83. Kg8 Bh7+ 84. Kf8 Qf6+ 85. Ke8 Bg6+ 86. Kd7 Bf5+ 87. Kc7 Bh7 88. Rxe2+ Kc3 89. R2e6 Qf4+ 90. Kb6 Qb8+ 91. Kxc5 Qb4+ 92. Kc6 Qa5 93. Re3+ Kb4 94. Rb7+ Ka3 95. Ree7 Bg8 96. Ra7 1-0

[Event "*** Titled Tuesday Blitz"]
[Site "Chess.com"]
[Date "2019.01.01"]
[Round "9"]
[White "Peroncio"]
[Black "1e41-0"]
[Result "0-1"]
[WhiteElo "2636"]
[BlackElo "2581"]
[TimeControl "180+2"]
[EndTime "15:13:00 PST"]
[Termination "1e41-0 won by checkmate"]

1. e4 e6 2. d4 d5 3. Nd2 Be7 4.
Ngf3 Nf6 5. e5 Nfd7 6. Bd3 c5 7.
c3 b6 8. O-O Ba6 9. Bxa6 Nxa6 10.
c4 O-O 11. cxd5 exd5 12. Re1 Nc7 13. Nf1 Ne6 14. Ne3 cxd4 15. Nxd5 Ndc5 16. Nxe7+ Qxe7 17. Nxd4 Nxd4 18. Qxd4 Rad8 19. Qb4 Qe6 20. Bg5 Nd3 21.
Qh4 Rd5 22. Red1 Nxe5 23. Qe4 Nf3+ 24. Qxf3 Rxg5 25. g3 Re5 26. h4 Re8 27. a4 h6 28. b4 Re4 29. Rab1 Qg6 30. Rbc1 Rxb4 31. a5 Rbe4 32. Rc7 bxa5 33. Rxa7 a4 34. Rdd7 Rf8 35. Kg2 Rxh4 36. Rdc7 Rd4 37. Rc6 Qe4 38. Qxe4 Rxe4 39.
Rca6 g6 40. Rxa4 Rxa4 41. Rxa4 Kg7 42. Ra7 h5 43. Rb7 Rc8 44. Ra7 Rc6 45. Rb7 Kf6 46. Ra7 Ke6 47. Rb7 Rc5 48. Ra7 f6 49. Rg7 Kf5 50. Ra7 Kg5 51. Rb7 f5 52. Rb4 Rc2 53. Ra4 Re2 54. Kf3 Rb2 55. Rc4 Rb3+ 56. Kg2 Rb6 57. Ra4 Kf6 58. Rc4 g5 59. Rc8 h4 60. Rh8 Kg7 61. Rc8 hxg3 62. Kxg3 Rb3+ 63. Kg2 Kg6 64. Rg8+ Kh5 65. Ra8 Kg4 66. Ra4+ f4 67. Ra2 Rc3 68. Rb2 Rd3 69. Rc2 Ra3 70. Rb2 f3+ 71.
Kh2 Ra4 72. Rc2 Re4 73. Rb2 Kf4 74. Ra2 g4 75. Ra8 g3+ 76. fxg3+ Ke3 77. Ra3+ Kf2 78. Kh3 Re3 79. Ra2+ Re2 80. Ra3 Re3 81. Ra2+ Ke1 82.
Ra1+ Ke2 83. Ra2+ Kf1 84. Ra1+ Re1 85. Ra2 f2 86. g4 Kg1 87. Rxf2 Kxf2 88. g5 Kf3 89.
Kh4 Rh1# 0-1

[Event "*** Titled Tuesday Blitz"]
[Site "Chess.com"]
[Date "2019.01.01"]
[Round "10"]
[White "Zhuu96"]
[Black "fmshawnrl123"]
[Result "1-0"]
[WhiteElo "2859"]
[BlackElo "2553"]
[TimeControl "180+2"]
[EndTime "15:15:17 PST"]
[Termination "Zhuu96 won by resignation"]

1. c4 Nf6 2. Nc3 e6 3. Nf3 b6 4. a3 Bb7 5. d4 Be7 6. d5 O-O 7. e4 exd5 8. cxd5 Re8 9. Bd3 Na6 10. O-O Nc5 11. Bc2 Bf8 12. e5 Ng4 13. Qd4 Nh6 14.
b4 Na6 15. Bxh6 gxh6 16. Qd3 Bg7 17. Qxh7+ Kf8 18. Rfe1 c5 19. Re4 cxb4 20. Rg4 1-0

[Event "*** Titled Tuesday Blitz"]
[Site "Chess.com"]
[Date "2019.01.01"]
[Round "10"]
[White "tteshan"]
[Black "tigra"]
[Result "0-1"]
[WhiteElo "2171"]
[BlackElo "2751"]
[TimeControl "180+2"]
[EndTime "15:16:08 PST"]
[Termination "tigra won by checkmate"]

1. d4 e5 2. dxe5 Qe7 3. Nf3 Nc6 4. Bf4 Qb4+ 5. Nc3 Qxb2 6. Nd5 Bb4+ 7. Bd2 Bxd2+ 8.
Nxd2 Qxe5 9. Nc4 Qd4 10. Nxc7+ Kd8 11. Nxa8 Qxc4 12. e3 Qc3+ 13. Ke2 Nf6 14. f3 Re8 15. Kf2 Qxe3+ 16. Kg3 Ne4+ 17. Kh4 Qg5+ 18. Kh3 Nf2# 0-1

[Event "*** Titled Tuesday Blitz"]
[Site "Chess.com"]
[Date "2019.01.01"]
[Round "10"]
[White "Triumphmate"]
[Black "aa175"]
[Result "1-0"]
[WhiteElo "2215"]
[BlackElo "1933"]
[TimeControl "180+2"]
[EndTime "15:16:45 PST"]
[Termination "Triumphmate won by resignation"]

1. e4 e5 2. Nf3 f5 3. d3 Nc6 4.
Nc3 Nf6 5. Bg5 Bc5 6. Be2 f4 7.
Nd5 h6 8. Bxf6 gxf6 9. Nh4 d6 10. Bh5+ Kf8 11. Ng6+ Kg7 12. Nxh8 Kxh8 13. Bg6 Kg7 14.
Bf5 Bxf5 15. exf5 Kh7 16. Qg4 Qg8 17. Nxf6+ Kh8 18. Nxg8 Rxg8 19. Qh5 Rxg2 20. Qxh6+ Kg8 21. O-O-O Rxf2 22. f6 Rg2 23. Qh3 Re2 24. Qg4+ 1-0

[Event "*** Titled Tuesday Blitz"]
[Site "Chess.com"]
[Date "2019.01.01"]
[Round "10"]
[White "Parhamov"]
[Black "Matibar"]
[Result "1-0"]
[WhiteElo "2896"]
[BlackElo "2789"]
[TimeControl "180+2"]
[EndTime "15:16:48 PST"]
[Termination "Parhamov won by resignation"]

1. e4 e6 2. d4 d5 3. Nc3 Nf6 4. e5 Nfd7 5. f4 c5 6. Nf3 Nc6 7. Be3 cxd4 8. Nxd4 Bc5 9. Qd2 O-O 10. O-O-O a6 11.
h4 Nxd4 12. Bxd4 b5 13. h5 Bb7 14. g4 Rc8 15. Ne2 f6 16. exf6 Nxf6 17. Bg2 Nxg4 18. Bh3 Nf2 19. Bxe6+ Kh8 20. Bxc8 Qxc8 21. h6 1-0

[Event "*** Titled Tuesday Blitz"]
[Site "Chess.com"]
[Date "2019.01.01"]
[Round "10"]
[White "julinha97"]
[Black "sandager"]
[Result "0-1"]
[WhiteElo "2095"]
[BlackElo "2016"]
[TimeControl "180+2"]
[EndTime "15:16:52 PST"]
[Termination "sandager won by resignation"]

1. e4 e5 2. Nf3 Nc6 3. Bb5 a6 4. Ba4 Nf6 5. O-O Be7 6. c3 b5 7. Bc2 O-O 8. Re1 d6 9. h3 Re8 10. d4 Bf8 11. Nbd2 Bb7 12. d5 Ne7 13. Nf1 c6 14. dxc6 Bxc6 15. Ng3 Ng6 16. Bg5 h6 17. Be3 Qc7 18. Nf5 Rad8 19. N3h4 Qb7 20. f3 d5 21.
exd5 Nxd5 22. Nxg6 fxg6 23. Qe2 gxf5 0-1

[Event "*** Titled Tuesday Blitz"]
[Site "Chess.com"]
[Date "2019.01.01"]
[Round "10"]
[White "nurmiTV"]
[Black "MissingLife"]
[Result "1-0"]
[WhiteElo "2606"]
[BlackElo "2413"]
[TimeControl "180+2"]
[EndTime "15:17:00 PST"]
[Termination "nurmiTV won by resignation"]

1. c4 Nf6 2. g3 c5 3. Bg2 d5 4. cxd5 Nxd5 5. Nc3 Nc7 6. Qa4+ Bd7 7. Qb3 Bc6 8. Nf3 g6 9. Ne5 Qd6 10. Qxf7+ Kd8 11. Qf4 Ke8 12. Qf7+ Kd8 13. Nxc6+ Nxc6 14. d3 Ne5 15. Qb3 Rb8 16. O-O Bg7 17. Ne4 Qb6 18. Bf4 Ne6 19. Qd5+ 1-0

[Event "*** Titled Tuesday Blitz"]
[Site "Chess.com"]
[Date "2019.01.01"]
[Round "10"]
[White "JMatias"]
[Black "MikePerelshteyn"]
[Result "0-1"]
[WhiteElo "2378"]
[BlackElo "2560"]
[TimeControl "180+2"]
[EndTime "15:17:08 PST"]
[Termination "MikePerelshteyn won by resignation"]

1. d4 Nf6 2. e3 g6 3. Nf3 Bg7 4.
c4 O-O 5. Be2 d6 6. Nc3 Nc6 7.
d5 Nb4 8. a3 Na6 9. e4 c5 10.
Rb1 e6 11. O-O exd5 12. exd5 Bf5 13. Bd3 Qd7 14. h3 Rfe8 15. Bf4 Bxd3 16. Qxd3 Nc7 17. b4 Na6 18. Nb5 Ne4 19. Rfe1 f5 20. Ng5 cxb4 21. axb4 Nxg5 22. Bxg5 Nxb4 23. Rxe8+ Qxe8 24. Nc7 Nxd3 25. Nxe8 Rxe8 26. Rxb7 Ra8 27. Be3 a5 0-1

[Event "*** Titled Tuesday Blitz"]
[Site "Chess.com"]
[Date "2019.01.01"]
[Round "10"]
[White "pastouche06"]
[Black "Fins0905"]
[Result "0-1"]
[WhiteElo "2446"]
[BlackElo "2567"]
[TimeControl "180+2"]
[EndTime "15:17:28 PST"]
[Termination "Fins0905 won by resignation"]

1. d4 d5 2. c4 c6 3. Nf3 Nf6 4.
e3 Bf5 5. Nc3 e6 6. Nh4 Be4 7.
f3 Bg6 8. Qb3 Qc7 9. Bd2 Be7 10.
cxd5 exd5 11. e4 Nxe4 12. fxe4 Bxh4+ 13. g3 Bf6 14. e5 Be7 15. h4 h5 16. O-O-O Qb6 17.
Qa4 O-O 18. Ne2 Be4 19. Ba5 Qb5 20. Qxb5 cxb5 0-1

[Event "*** Titled Tuesday Blitz"]
[Site "Chess.com"]
[Date "2019.01.01"]
[Round "10"]
[White "benhal"]
[Black "Justinz"]
[Result "1-0"]
[WhiteElo "2214"]
[BlackElo "2355"]
[TimeControl "180+2"]
[EndTime "15:17:30 PST"]
[Termination "benhal won by resignation"]

1. e4 c5 2. Nf3 d6 3. d4 cxd4 4. Nxd4 Nf6 5. Nc3 a6 6. Be3 e5 7. Nb3 Be6 8. f3 Be7 9. Qd2 h5 10. O-O-O Nbd7 11. Kb1 Rc8 12. Nd5 Nxd5 13. exd5 Bf5 14.
Bd3 Bxd3 15. Qxd3 b5 16. g4 hxg4 17. fxg4 Bg5 18. h4 Bxe3 19. Qxe3 Rxh4 20. Qf3 Rxh1 21. Rxh1 Qc7 22. c3 a5 23. Rh7 a4 24. Rxg7 Nf8 25.
Nd2 b4 26. Ne4 bxc3 27. Rxf7 1-0

[Event "*** Titled Tuesday Blitz"]
[Site "Chess.com"]
[Date "2019.01.01"]
[Round "10"]
[White "gonzaga23"]
[Black "Anahita_Gholami"]
[Result "1-0"]
[WhiteElo "2480"]
[BlackElo "2686"]
[TimeControl "180+2"]
[EndTime "15:17:47 PST"]
[Termination "gonzaga23 won on time"]

1. e4 e5 2. Nf3 Nc6 3. Bc4 Bc5 4. c3 Nf6 5. d4 exd4 6. cxd4 Bb4+ 7. Bd2 Bxd2+ 8. Nbxd2 d5 9. exd5 Nxd5 10. Qb3 Be6 11.
Qxb7 Ndb4 12. Qb5 1-0

[Event "*** Titled Tuesday Blitz"]
[Site "Chess.com"]
[Date "2019.01.01"]
[Round "10"]
[White "Rashad_Zeynalli"]
[Black "swisspower96"]
[Result "0-1"]
[WhiteElo "2427"]
[BlackElo "2536"]
[TimeControl "180+2"]
[EndTime "15:17:52 PST"]
[Termination "swisspower96 won by resignation"]

1. e4 a6 2. d4 e6 3. Nc3 b5 4. Bd3 Bb7 5. Nf3 g6 6. O-O Bg7 7. Bg5 Ne7 8. Qd2 h6 9. Be3 d6 10. Rfe1 Nd7 11. a4 b4 12. Ne2 a5 13. Ng3 c5 14.
Bb5 Bc6 15. Bxc6 Nxc6 16. d5 exd5 17. Qxd5 Nde5 18. Nxe5 Nxe5 19. Rad1 O-O 20. b3 Qh4 21. Qxd6 Ng4 22. h3 Nxe3 23. Rxe3 Rad8 24. Qxc5 Rxd1+ 25. Kh2 Bd4 26. Qd5 Rd8 0-1

[Event "*** Titled Tuesday Blitz"]
[Site "Chess.com"]
[Date "2019.01.01"]
[Round "10"]
[White "ASVZ"]
[Black "Gubajdullin"]
[Result "0-1"]
[WhiteElo "2252"]
[BlackElo "2400"]
[TimeControl "180+2"]
[EndTime "15:18:20 PST"]
[Termination "Gubajdullin won by checkmate"]

1. e4 c6 2. d4 d5 3. e5 Bf5 4. Nf3 e6 5. Be2 Ne7 6. a3 Nd7 7. O-O Bg6 8. b4 Nf5 9. Bb2 a5 10. b5 c5 11. dxc5 Bxc5 12. Nbd2 O-O 13. c4 Nb6 14.
Rc1 Qe7 15. cxd5 Nxd5 16. Ne4 Bxa3 17. Bxa3 Qxa3 18. g4 Nfe7 19. Nd6 Nf4 20. Bc4 b6 21. Nh4 Bd3 22. Qd2 Bxf1 23. Bxf1 Ned5 24. Rc4 g5 25. Ng2 Nh3+ 26. Kh1 Qf3 27. Ne4 Ndf4 28. Nf6+ Kh8 29. Rc2 Rad8 30. Qe3 Rd1 31. Rc1 Rxc1 32. Qxf3 Rxf1# 0-1

[Event "*** Titled Tuesday Blitz"]
[Site "Chess.com"]
[Date "2019.01.01"]
[Round "10"]
[White "Saitama_Hero"]
[Black "wild_cat99"]
[Result "1-0"]
[WhiteElo "2365"]
[BlackElo "2174"]
[TimeControl "180+2"]
[EndTime "15:18:38 PST"]
[Termination "Saitama_Hero won by checkmate"]

1. b3 c5 2. Bb2 Nc6 3. Nf3 d5 4.
e3 a6 5. d4 e6 6. Bd3 Qc7 7. O-O Bd6 8. c4 cxd4 9. cxd5 exd5 10. Nxd4 Bxh2+ 11. Kh1 Be5 12. Nc3 Qd6 13. f4 Bxd4 14.
exd4 Nxd4 15. Nxd5 Nf5 16. Re1+ Nge7 17. Bxf5 Bxf5 18. Nxe7 Qh6+ 19. Kg1 Be6 20. Nf5 Qxf4 21. Nxg7+ Ke7 22. Nxe6 fxe6 23. Ba3+ Ke8 24. Qh5+ Kd7 25. Rad1+ Kc6 26. Rxe6+ Kc7 27. Bd6+ Qxd6 28. Rexd6 Rae8 29. Rd7+ Kb8 30. Qd5 Rhg8 31. Qxb7# 1-0

[Event "*** Titled Tuesday Blitz"]
[Site "Chess.com"]
[Date "2019.01.01"]
[Round "10"]
[White "SanchezKelvin"]
[Black "farzadbfd"]
[Result "0-1"]
[WhiteElo "2527"]
[BlackElo "2494"]
[TimeControl "180+2"]
[EndTime "15:18:57 PST"]
[Termination "farzadbfd won on time"]

1. e4 e5 2. Nf3 Nc6 3. d4 exd4 4.
Nxd4 Bc5 5. Nb3 Bb4+ 6. Bd2 Bxd2+ 7.
Qxd2 d6 8. Nc3 Be6 9. Bb5 Nf6 10.
O-O-O O-O 11. f4 Re8 12. Nd4 Bd7 13. Nxc6 Bxc6 14. Bxc6 bxc6 15. Qd4 c5 16. Qc4 Rb8 17. a3 Qc8 18. h3 Qb7 19. b3 Nxe4 20. Nxe4 Rxe4 21. Qf1 c4 22. bxc4 Qb2+ 23. Kd2 Rbe8 0-1

[Event "*** Titled Tuesday Blitz"]
[Site "Chess.com"]
[Date "2019.01.01"]
[Round "10"]
[White "tgpgoat"]
[Black "jk13"]
[Result "0-1"]
[WhiteElo "1994"]
[BlackElo "2675"]
[TimeControl "180+2"]
[EndTime "15:18:58 PST"]
[Termination "jk13 won by resignation"]

1. d4 e6 2. Nf3 Nf6 3. c4 Bb4+ 4.
Bd2 Bxd2+ 5. Nbxd2 O-O 6. e4 d6 7. Bd3 e5 8. d5 a5 9. b3 Na6 10. a3 Nc5 11. Bc2 Bg4 12. h3 Bxf3 13. Qxf3 c6 14. O-O Qb6 15. Rab1 Ncd7 16. b4 axb4 17. axb4 Ra2 18. Qb3 Rfa8 19. Nf3 R8a3 20. c5 Qb5 21. Bd3 Qxd3 22. Qxd3 Rxd3 23. b5 Ra8 24. bxc6 bxc6 25. dxc6 Nxc5 26. c7 Ncd7 27. Rfc1 Rc8 28. Rb7 Kf8 29.
Ne1 Rd4 30. Nc2 Rc4 0-1

[Event "*** Titled Tuesday Blitz"]
[Site "Chess.com"]
[Date "2019.01.01"]
[Round "10"]
[White "2165149677570"]
[Black "ChessGamingPro"]
[Result "1-0"]
[WhiteElo "2337"]
[BlackElo "1710"]
[TimeControl "180+2"]
[EndTime "15:19:10 PST"]
[Termination "2165149677570 won by resignation"]

1. e4 e5 2. Nf3 Nc6 3. d4 exd4 4. Bc4 Nf6 5. O-O d6 6. Nxd4 Be7 7. Nc3 O-O 8. f3 Ne5 9. Be2 c6 10. a4 Qb6 11.
Kh1 Ng6 12. a5 Qc7 13. Be3 Be6 14. Nxe6 fxe6 15. f4 e5 16. Bc4+ Kh8 17. f5 Nh4 18. Bg5 Ng8 19. Bxe7 Nxe7 20. g3 d5 21. Be2 dxe4 22.
gxh4 Nxf5 23. Nxe4 Nxh4 24. Qd6 Qxd6 25. Nxd6 Rab8 26. Nf7+ Kg8 27. Bc4 Ng6 28. Nd8+ Kh8 29. Rxf8+ Nxf8 30. Nf7+ Kg8 31. Nxe5+ Kh8 32. Nf7+ Kg8 33.
Rf1 Ng6 34. h4 h5 35. Ne5+ Kh7 36. Bd3 1-0

[Event "*** Titled Tuesday Blitz"]
[Site "Chess.com"]
[Date "2019.01.01"]
[Round "10"]
[White "Slovak_fighter2000"]
[Black "Fivetrick"]
[Result "1-0"]
[WhiteElo "2461"]
[BlackElo "2603"]
[TimeControl "180+2"]
[EndTime "15:19:16 PST"]
[Termination "Slovak_fighter2000 won on time"]

1. d4 Nf6 2. Bf4 g6 3. Nc3 d5 4.
e3 Bg7 5. h4 h5 6. Nf3 O-O 7.
Be2 c6 8. Ne5 Nbd7 9. Qd2 Nxe5 10.
Bxe5 b5 11. Bf3 a5 12. Ne2 b4 13. a3 Bf5 14. O-O Qb6 15. axb4 axb4 16. Ng3 Bg4 17. Bxg4 Nxg4 18. Bxg7 Kxg7 19. e4 f5 20. exf5 Rxa1 21. Rxa1 c5 22. fxg6 1-0